AoeStats
← ISRAEL AKBAR

Arena

506219749Analyzed
2v2 RM · 19d ago on Sep 12, 2026· 67m 13s· 4 players
Game mode
Random Map
Map size
Medium (4 player)
Population
200
Speed
Normal
Resources
Standard
Victory
Conquest
Starting age
Dark Age
Ending age
Imperial Age
RankedLock teamsTeams togetherTeam positionsShared explorationLock speedFull tech treeHidden civsTurbo modeCheats
Victory
Defeat
🇲🇦 Aztecs · Morocco
603
+14
🇫🇷 Celts · France
589
+14
🇸🇪 Britons · Sweden
564
-15
🇸🇪 Malay · Sweden
540
-13
lucas.corbin.pop
11:28 Feudal Age
13:11 Wheelbarrow
16:05 Castle Age
14:27 Double-Bit Axe
14:27 Horse Collar
17:52 Bow Saw
22:21 Heavy Plow
23:01 Gold Mining
24:32 Hand Cart
26:11 Gold Shaft Mining
25:28 Stone Mining
29:06 Imperial Age
28:40 Forging
28:31 Scale Mail Armor
28:47 Fortified Wall
29:22 Stone Shaft Mining
29:02 Man-at-Arms
29:27 Gambesons
30:20 Iron Casting
29:47 Long Swordsman
30:47 Chain Mail Armor
31:12 Two-Handed Swordsman
31:17 Capped Ram
32:30 Siege Ram
32:46 Champion
34:17 Conscription
36:15 Furor Celtica
37:00 Plate Mail Armor
37:41 Blast Furnace
56:59 Caravan
56:55 Onager
58:00 Siege Onager
62:06 Pikeman
65:17 Chemistry
ahmed0da8
0:43 Loom
11:48 Feudal Age
21:11 Castle Age
19:35 Horse Collar
19:53 Fletching
21:33 Wheelbarrow
32:36 Crossbowman
35:56 Imperial Age
34:28 Wheelbarrow
34:08 Town Watch
35:04 Coinage
39:02 Guard Tower
39:22 Fortified Wall
39:08 Murder Holes
40:35 Elite Jaguar Warrior
41:38 Caravan
42:15 Clinker Construction
42:18 Careening
42:44 Heated Shot
42:35 Treadmill Crane
43:02 Scale Mail Armor
45:22 Ballistics
44:48 Arrowslits
45:24 Shipwright
48:31 Siege Engineers
48:31 Heavy Plow
49:10 Hand Cart
48:46 Double-Bit Axe
48:57 Arbalester
50:08 Forging
50:02 Padded Archer Armor
50:12 Gold Mining
50:15 Stone Mining
50:58 Crop Rotation
51:20 Chain Mail Armor
51:51 Gold Shaft Mining
52:06 Stone Shaft Mining
51:30 Bodkin Arrow
51:52 Town Patrol
53:38 Chemistry
54:31 Leather Archer Armor
54:27 Forging
54:18 Bracer
54:48 Plate Mail Armor
55:03 Capped Ram
56:45 Atlatl
57:06 Garland Wars
57:06 Conscription
56:17 Sappers
57:38 Iron Casting
64:09 Sappers
ISRAEL AKBAR
11:06 Feudal Age
15:21 Castle Age
13:34 Double-Bit Axe
13:57 Horse Collar
16:35 Bow Saw
20:57 Heavy Plow
25:06 Forging
25:04 Scale Barding Armor
24:52 Gold Mining
26:01 Wheelbarrow
25:24 Stone Mining
26:10 Gold Shaft Mining
26:35 Iron Casting
25:24 Man-at-Arms
26:06 Squires
25:52 Arson
25:35 Elite Skirmisher
26:21 Husbandry
26:48 Fletching
29:13 Stone Shaft Mining
31:25 Imperial Age
29:18 Hand Cart
32:16 Blast Furnace
31:11 Bodkin Arrow
30:39 Long Swordsman
30:40 Pikeman
31:29 Forced Levy
31:50 Conscription
31:40 Loom
32:02 Halberdier
32:03 Two-Handed Swordsman
34:21 Devotion
35:14 Crop Rotation
36:48 Bracer
36:49 Padded Archer Armor
36:13 Elite Battle Elephant
36:17 Elite Karambit Warrior
41:04 Crossbowman
42:43 Arbalester
43:29 Thumb Ring
50:19 Ballistics
51:00 Chemistry
53:34 Leather Archer Armor
59:02 Caravan
63:06 Light Cavalry
65:11 Cavalier
Ponta
12:55 Feudal Age
13:49 Double-Bit Axe
13:47 Horse Collar
19:58 Castle Age
18:53 Padded Archer Armor
18:44 Fletching
24:54 Heavy Plow
25:02 Crossbowman
31:24 Ballistics
31:02 Murder Holes
34:45 Leather Archer Armor
34:26 Bodkin Arrow
37:55 Imperial Age
36:12 Caravan
36:38 Scale Mail Armor
36:09 Pikeman
38:05 Forging
38:11 Chain Mail Armor
38:02 Scale Barding Armor
40:09 Chemistry
39:12 Elite Longbowman
40:24 Arbalester
44:29 Fortified Wall
44:32 Masonry
44:27 Siege Engineers
43:59 Man-at-Arms
47:45 Ring Archer Armor
47:16 Bracer
48:16 Architecture
47:28 Treadmill Crane
47:46 Guard Tower
56:32 Iron Casting
56:27 Plate Mail Armor
56:18 Chain Barding Armor
65:10 Elite Skirmisher
Connection lost

Rejoining the realm…

Still unreachable

The connection could not be restored.

Session expired

The server has moved on; the page needs a fresh start.